 Dungeon Crawl Stone Soup version 0.29.1 (console) character file.

Game seed: 13805350964540271963

1733 om the Cleaver (level 8, -2/96 HPs)
             Began as a Palentonga Berserker on Sept 13, 2022.
             Was a Priest of Trog.
             Slain by a hornet (5 damage)
             ... on level 9 of the Dungeon.
             The game lasted 00:12:58 (7055 turns).

om the Cleaver (Palentonga Berserker)               Turns: 7055, Time: 00:12:58

Health: -2/96      AC: 15    Str: 25    XL:     8   Next: 76%
Magic:  8/8        EV:  8    Int:  8    God:    Trog [***...]
Gold:   262        SH:  0    Dex:  9    Spells: 7/7 levels left

rFire   . . .      SeeInvis +   a - +0 hand axe
rCold   . . .      Faith    .   (no shield)
rNeg    . . .      Spirit   .   r - +0 scale mail
rPois   .          Reflect  .   (no helmet)
rElec   .          Harm     .   n - +0 cloak
rCorr   .          Rampage  .   (no gloves)
Will    .....                   (no barding)
Stlth   ..........              (no amulet)
HPRegen 0.26/turn               (no ring)
MPRegen 0.11/turn               (no ring)

@: berserking (expiring), lethally poisoned (-2 -> -4), slowed, curled up
A: large, rugged brown scales 3, see invisible, deformed body, roll 1, armoured
tail, reflexive curl
a: Rolling Charge, Renounce Religion, Berserk, Trog's Hand


You were on level 9 of the Dungeon.
You worshipped Trog.
Trog was most pleased with you.
You visited 1 branch of the dungeon, and saw 7 of its levels.

You collected 262 gold pieces.

Inventory:

Hand Weapons
 a - a +0 hand axe (weapon)
 b - a +4 sling of flaming
Armour
 n - a +0 cloak (worn)
 r - a +0 scale mail (worn)
Scrolls
 d - a scroll of teleportation
 e - a scroll of poison
 f - a scroll of enchant armour
 i - a scroll of torment
 m - a scroll of immolation {unknown}
 o - a scroll of blinking {unknown}
 q - a scroll of fear
Potions
 c - a potion of invisibility
 g - a potion of haste {unknown}
 h - a potion of cancellation {unknown}
 j - a potion of heal wounds
 p - a potion of lignification


   Skills:
 - Level 4.0 Fighting
 - Level 8.0 Axes
 * Level 4.8 Ranged Weapons
 * Level 4.0 Armour
 - Level 3.0 Dodging


You had 7 spell levels left.
You didn't know any spells.
Your spell library was empty.

Dungeon Overview and Level Annotations

Branches:
Dungeon (6/15)             Temple (0/1) D:6

Altars:
Ashenzari
Uskayaw
Xom
The Shining One

Shops:
D:4 =


Innate Abilities, Weirdness & Mutations

You are completely covered in rugged brown scales. (AC +3, +7% HP)
You have supernaturally acute eyesight. (SInv)
Armour fits poorly on your strangely shaped body.
You can roll at nearby foes to attack.
You have a long armoured tail.
You curl defensively after being hit. (AC +7*)


Message History

You closely miss the howler monkey.
Your tail-slap misses the howler monkey.
The howler monkey is almost dead.
You slash the orc priest!
You kill the orc priest!
Trog accepts your kill.
You feel sick. The howler monkey barely misses you. The howler monkey hits you.
* * * LOW HITPOINT WARNING * * *
You barely miss the howler monkey.
The howler monkey is almost dead.
You hit the orc priest. You hit the howler monkey.
You feel sick.
The orc priest miscasts a cantrip.
The howler monkey hits you.
* * * LOW HITPOINT WARNING * * *
A wraith comes into view.
The howler monkey hits you but does no damage.
You completely miss the howler monkey.
The howler monkey is almost dead.
You slash the howler monkey!
You kill the howler monkey!
Trog accepts your kill.
You slash the orc priest!
You feel sick.
The howler monkey hits you but does no damage.
The orc priest hits you but does no damage.
Unknown command.
You slash the howler monkey!
You kill the howler monkey!
Trog accepts your kill.
You barely miss the hornet. You slash the orc priest!
You kill the orc priest!
Trog accepts your kill.
You feel sick. The hornet stings you.
* * * LOW HITPOINT WARNING * * *
You feel as though you will be slow longer.
Your Armour skill increases to level 4!
You hit the hornet.
The hornet is moderately wounded.
* * * LOW HITPOINT WARNING * * *
You feel sick. The hornet stings you.
You die...

...........#........#..
#....>....#........... .
#.........#.≈≈≈≈≈≈≈≈≈. ..
#.........#.≈.......≈.
...###.......#.≈.#####.≈.
...o.###.......≈.....#.≈.
.......#.......≈.#._.#.≈.
(....oo#y###'#.≈.#.... .
.......)@....$.≈.# ###
...........#+..≈.....
...........#...≈≈≈≈≈.≈
.#####.....#..........
#.....#.........#
#.W...#.........#
#.....#....#+#+##
#.....######


You could see a hornet, a wraith, an orc priest and 2 orcs.

Vanquished Creatures
  A water moccasin (D:3)
  An orc warrior (D:9)
  4 black bears
  2 ogres (D:5)
  A phantom (D:4)
  2 necrophages (D:5)
  3 scorpions
  3 howler monkeys (D:9)
  A hound (D:5)
  3 orc priests
  Crazy Yiuf (D:3)
  4 iguanas
  2 orc wizards
  8 adders
  3 ufetubi
  3 worms
  A dart slug (D:1)
  11 orcs
  9 ball pythons
  3 endoplasms
  7 giant cockroaches
  5 hobgoblins
  4 quokkas
  9 bats
  8 frilled lizards
  9 goblins
  9 kobolds
  3 rats
120 creatures vanquished.

Vanquished Creatures (others)
  5 dream sheep (D:3)
5 creatures vanquished.

Grand Total: 125 creatures vanquished

Notes
Turn   | Place    | Note
-------+----------+-------------------------------------------
     0 | D:1      | om the Palentonga Berserker began the quest for the Orb.
     0 | D:1      | Reached XP level 1. HP: 19/19 MP: 1/1
   365 | D:1      | Reached XP level 2. HP: 25/25 MP: 2/2
   685 | D:1      | Found a faded altar of an unknown god.
  1203 | D:1      | Reached XP level 3. HP: 31/31 MP: 3/3
  1224 | D:1      | Reached ** piety under Trog
  1678 | D:2      | Reached XP level 4. HP: 31/37 MP: 4/4
  2497 | D:3      | Noticed a dream sheep
  2497 | D:3      | Noticed a dream sheep
  2497 | D:3      | Noticed a dream sheep
  2497 | D:3      | Noticed a dream sheep
  2497 | D:3      | Noticed a dream sheep
  2497 | D:3      | Found a shimmering altar of Xom.
  2501 | D:3      | Killed a dream sheep
  2501 | D:3      | Killed a dream sheep
  2501 | D:3      | Killed a dream sheep
  2501 | D:3      | Killed a dream sheep
  2501 | D:3      | Killed a dream sheep
  2502 | D:3      | Reached skill level 4 in Axes
  2620 | D:3      | Reached XP level 5. HP: 35/44 MP: 5/5
  2798 | D:3      | Noticed a water moccasin
  2814 | D:3      | Killed a water moccasin
  3083 | D:3      | Found a runed translucent door.
  3084 | D:3      | Noticed Crazy Yiuf
  3160 | D:3      | Reached XP level 6. HP: 51/51 MP: 6/6
  3422 | D:3      | Killed Crazy Yiuf
  3423 | D:3      | Reached skill level 5 in Axes
  3579 | D:4      | Found a broken altar of Ashenzari.
  3815 | D:4      | Found a glowing golden altar of the Shining One.
  4095 | D:4      | Found Cacwuics's Jewellery Boutique.
  4430 | D:5      | Entered Level 5 of the Dungeon
  4445 | D:5      | Noticed an ice beast
  4452 | D:4      | Reached skill level 6 in Axes
  4452 | D:4      | Gained mutation: You curl defensively after being hit. (AC
                  | +7*) [Palentonga growth]
  4452 | D:4      | Reached XP level 7. HP: 20/57 MP: 7/7
  5104 | D:5      | Reached skill level 1 in Ranged Weapons
  5407 | D:5      | Reached skill level 7 in Axes
  5607 | D:5      | Reached XP level 8. HP: 41/64 MP: 8/8
  6649 | D:6      | Reached *** piety under Trog
  6692 | D:6      | Reached skill level 8 in Axes
  6745 | D:6      | You fall into a shaft and drop 3 floors!
  7029 | D:9      | Found a hide-covered altar of Uskayaw.
  7035 | D:9      | Noticed a hornet
  7054 | D:9      | HP: 3/96 [hornet (3)]
  7055 | D:9      | Slain by a hornet

Illustrated notes

Levels and vault maps discovered:
D:1:      matt_arrival_diagonals, layout_loops_corners, basic_ecumenical_altar
D:2:      layout_basic
D:3:      layout_basic, kb_xom_exploding_sheep, uniq_crazy_yiuf_cottage
D:4:      layout_loops_cross, nicolae_tso_carved_into_rock,
          mainiacjoe_overflow_alcove_1, serial_shops, nicolae_shop_behind_doors,
          st_stairs_11
D:5:      layout_cave_pools, grunt_decor_clamped
D:6:      layout_basic, lemuel_tele_altar, grunt_temple_overflow_diamond,
          minmay_temple_entry_hall, enter_ossuary_1, glass_columns_a
D:9:      layout_irregular_city, mainiacjoe_overflow_brackets,
          mainiacjoe_overflow_chevrons, lair_entry_dummy

Skill      XL: |  1  2  3  4  5  6  7  8 |
---------------+-------------------------+-----
Dodging        | 2 3 |  3.0
Armour         | 2 3 4 |  4.0
Axes           | 4 6 7 8 |  8.0
Fighting       | 4 |  4.0
Ranged Weapons | 3 4 |  4.8

Action                   |  1- 3 |  4- 6 |  7- 9 || total
-------------------------+-------+-------+-------++-------
Melee: Hand axe          |    56 |    47 |   103 ||   206
       Tailslap          |     4 |     3 |    20 ||    27
       Punch             |     1 |       |     1 ||     2
 Fire: Sling             |    56 |    96 |    36 ||   188
Invok: Berserk           |       |     2 |     6 ||     8
 Abil: Rolling Charge    |       |       |     3 ||     3
  Use: Scroll            |     4 |     1 |     7 ||    12
       Potion            |       |     3 |     1 ||     4
Armor: Animal skin       |    31 |    37 |    24 ||    92
       Scale mail        |       |       |    33 ||    33
Dodge: Dodged            |    54 |    68 |    68 ||   190
